[Event "XII Cracow ICC-A 2024"]
[Site "Krakow"]
[Date "2024.06.22"]
[Round "1.13"]
[White "Drozdowski, Kacper"]
[Black "Jaskolka, Tomasz"]
[Result "1-0"]
[ECO "B49"]
[WhiteElo "2448"]
[BlackElo "2249"]
[Annotator "TA"]
[PlyCount "57"]
[EventDate "2024.06.20"]
[EventType "swiss"]
[EventCountry "POL"]
[SourceTitle "playchess.com"]
[Source "ChessBase"]
[SourceQuality "1"]
[TimeControl "40/5400+30:1800+30"]

1. e4 c5 2. Nf3 e6 3. d4 cxd4 4. Nxd4 Nc6 5. Nc3 Qc7 6. Be3 a6 7. Be2 Nf6 8. O-O Be7 9. f4 d6 10. Kh1 O-O 11. Qe1 Nxd4 12. Bxd4 b5 13. a3 Bb7 14. Qg3 g6 (14... Rad8 $11) 15. Bf3 Bc6 16. Rae1 Qb7 17. e5 {[%emt 0:16:04] White is slightly better.} dxe5 18. fxe5 Ne8 19. Ne4 (19. Bxc6 $5 Qxc6 20. Ne4 $17) 19... Rd8 20. c3 (20. Qf2 $14) 20... Bxe4 (20... Ng7 $11) 21. Bxe4 $16 (21. Rxe4 Ng7 $11) 21... Qc7 22. Qe3 Rc8 23. b4 $36 {[%emt 0:04:24][%mdl 2048] Prevents Bc5. White is really pushing. White is more active.} Ng7 24. g4 {[%emt 0:00:33] Wards off Nf5} Qc4 $2 {[%emt 0:01:41] Loses the game.} (24... Qd8 $16 {is a better defense.} 25. Qf3 a5) 25. Rf3 $18 {[%emt 0:03:49][%cal Bf1f3,Bf3f6,Bf6h6][%mdl 32] [#] Black must now prevent Qh6.} Bh4 26. Rg1 g5 $2 (26... Rc7 27. Qh6 f5 28. gxf5 (28. exf6 Bxf6 29. Qe3 Rcf7 $18) 28... exf5 29. Qxh4 fxe4 30. Rxf8+ (30. Qxe4 Rxf3 31. Qxf3 Rf7 $11) 30... Kxf8 31. Bc5+ (31. Qxe4 Ne6 $11) (31. Qxh7 e3 $18) 31... Ke8 32. Qxh7 Qf7 33. Qh8+ (33. Rxg6 Qf1+ 34. Rg1 Qf3+ 35. Rg2 Ne6 $16) (33. Qxg6 e3 $18) 33... Kd7 34. Rd1+ Ke6) 27. Rf6 {[%emt 0:02:49] Strongly threatening Rh6. White is clearly winning.} Rfd8 28. Rh6 Qa2 29. Bxh7+ {[%emt 0:01:49] Weighted Error Value: White=0.10 (very precise) /Black=0.48.  Loses game:     	---       	Black=1      Mistake:       	White=1     	Black=2      Inaccurate:     	---       	Black=1      OK:         	White=8     	Black=6} 1-0

[Event "XII Cracow ICC-A 2024"]
[Site "Krakow"]
[Date "2024.06.22"]
[Round "1.14"]
[White "Szczurek, Krzysztof"]
[Black "Licznerski, Lukasz"]
[Result "0-1"]
[ECO "B13"]
[WhiteElo "2245"]
[BlackElo "2434"]
[Annotator "TA"]
[PlyCount "96"]
[EventDate "2024.06.20"]
[EventType "swiss"]
[EventCountry "POL"]
[SourceTitle "playchess.com"]
[Source "ChessBase"]
[SourceQuality "1"]
[TimeControl "40/5400+30:1800+30"]

1. e4 c6 2. d4 d5 3. exd5 cxd5 4. Bd3 Nc6 5. c3 Qc7 6. h3 g6 {[%emt 0:03:33] 6...e6 is the modern continuation.} 7. Na3 {[%emt 0:02:53] B13: Caro-Kann: Exchange Variation and Panov-Botvinnik Attack.} Bh6 $146 ({Predecessor:} 7... a6 8. Nc2 Bf5 9. Be2 Nf6 10. Ne3 Bd7 11. Nf3 Bg7 12. a4 O-O 13. O-O Rad8 14. Re1 Rfe8 {1-0 Haug,H (2218)-Bilan,D (2303) Titled Tuesday intern op 18th Jul Early blitz 2023 (7)}) 8. Bxh6 Nxh6 9. Qf3 e5 10. Qxd5 exd4 11. Nb5 Qe7+ 12. Ne2 O-O 13. Nbxd4 Nxd4 14. Qxd4 Bf5 15. Bc4 b5 16. Bxb5 Qb7 17. Qe5 Rad8 18. Nd4 ({Better is} 18. O-O $14 Rd5 19. Qf4 Rxb5 (19... Qxb5 $2 20. c4 $18) 20. Qxh6) 18... Rd5 $11 19. Qe2 (19. Qe3 $1 $11 Rxb5 20. O-O (20. Nxb5 Qxb5 21. a4 Qe8 $11) 20... Bxh3 21. Qxh3 (21. Qxh6 $2 Qxg2#)) 19... Rxd4 $1 $17 20. cxd4 Qxg2 21. Kd2 {[%emt 0:11:20] [#]} (21. O-O-O $2 Rc8+ 22. Bc4 Qe4 $19 (22... Bxh3 23. Rdg1 $16)) 21... Rb8 $1 22. b3 (22. Rac1 $142) 22... Qd5 $1 $17 23. Kc3 (23. Bd3 Qa5+ 24. Kc2 Rc8+ 25. Kb1 Qb5 26. Bxf5 (26. Rd1 $2 Rc3 $19) 26... Qxe2 $19) (23. Qc4 $142 Rxb5 (23... Qxb5 $2 24. Qxb5 Rxb5 25. Rhe1 $19) 24. a4) 23... Rxb5 $19 24. Rac1 Be6 25. Rhd1 a5 (25... Bxh3 26. Qe3 Ng4 (26... Qh5 $2 27. Rh1 $18) 27. Qxh3 Nxf2 28. Qc8+ Kg7 29. Rf1) 26. Qc4 Qf3+ (26... Bxh3 27. a4 Qf3+ 28. Rd3 $19) 27. Qd3 Qb7 (27... Qxf2 $2 28. Qxb5 Bxh3 29. Rd2 $18 (29. Qxa5 Ng4 $18)) (27... Qxh3 28. Qxh3 Bxh3 29. Rh1 $17) 28. Kb2 Rh5 29. Rc5 Rxh3 30. Qb5 Qxb5 31. Rxb5 Ng4 32. d5 Bf5 (32... Nxf2 33. Rd2 Nd3+ (33... Ne4 34. Rb8+ Kg7 35. dxe6 $16) 34. Rxd3 Rxd3 35. dxe6 fxe6 36. Rxa5) 33. d6 Nxf2 34. Rxf5 $2 (34. Rd4 $19 Rd3 35. Rxd3 Nxd3+ 36. Kc3) 34... Nxd1+ 35. Kc2 Rc3+ $2 (35... Ne3+ {mates} 36. Kd2 gxf5 (36... Nxf5 37. d7 $17) 37. Ke1 Ng4 38. Kd2 Ne5 (38... Rh2+ $2 39. Kd3 $19) 39. Kd1 f4 (39... Rh1+ $2 40. Ke2 $19) 40. Ke1 Rd3 41. d7 Rxd7 (41... Nxd7 42. Kf2 f3 43. Kg3 Nf6 44. Kh2 f2 45. Kg2 Ne4 46. a3 f5 47. a4 Rd1 48. Kh2 f1=Q 49. b4 Qh1#) 42. Ke2 Rd3 (42... f3+ 43. Ke3 Rd3+ 44. Kf2 Ng4+ 45. Kg3 f2+ 46. Kg2 h5 47. a3 h4 48. b4 h3+ 49. Kf1 Rd1+ 50. Ke2 f1=Q#) 43. Ke1 f3 44. Kf2 Ng4+ 45. Kg3 f2+ 46. Kg2 h5 47. a3 h4 (47... Rxb3 48. a4 Re3 49. Kf1 h4 50. Kg2 h3+ 51. Kh1 f1=Q#) 48. b4 h3+ (48... Rxa3 49. bxa5 h3+ 50. Kf1 Re3 51. a6 Re1#) 49. Kf1 Rd1+ 50. Ke2 f1=Q#) 36. Kd2 $19 {[%emt 0:00:09] [#]} Rc8 $1 (36... gxf5 37. d7 (37. Kxd1 $2 {perishes.} Rd3+ 38. Ke2 Rxd6 $19) 37... Kg7 (37... Rd3+ $2 38. Kxd3 Kg7 39. d8=Q $18) 38. d8=Q $18) (36... Rc6 37. Rd5 Rc8 38. Kxd1 $11) 37. Rxa5 $2 (37. Re5 Rd8 38. Kxd1) 37... Nf2 $19 38. Ke3 Ng4+ 39. Kd4 h5 40. b4 h4 41. Ra3 g5 42. b5 Nf6 43. Rf3 Kg7 44. a4 g4 45. Rf1 h3 46. a5 g3 47. Rg1 g2 48. a6 Kf8 0-1

[Event "XII Cracow ICC-A 2024"]
[Site "Krakow"]
[Date "2024.06.22"]
[Round "1.16"]
[White "Pycinski, Wladyslaw"]
[Black "Nguyen, Piotr"]
[Result "1/2-1/2"]
[ECO "B08"]
[WhiteElo "2244"]
[BlackElo "2426"]
[Annotator "ChessBase"]
[PlyCount "85"]
[EventDate "2024.06.20"]
[EventType "swiss"]
[EventCountry "POL"]
[SourceTitle "playchess.com"]
[Source "ChessBase"]
[SourceQuality "1"]
[TimeControl "40/5400+30:1800+30"]

1. e4 d6 2. d4 g6 3. Nf3 Nf6 4. Nc3 Bg7 5. Be2 O-O 6. O-O a6 7. a4 Nc6 8. Be3 e5 9. dxe5 dxe5 10. Qxd8 Rxd8 11. Bc4 h6 12. h3 Ne8 13. Rfd1 Nd4 14. Bxd4 exd4 15. Nd5 Be6 16. Ba2 Kf8 17. a5 g5 18. Nd2 Rd7 19. Nb4 Bxa2 20. Rxa2 Nd6 21. Nd3 Re8 22. Ra3 Rde7 23. Rb3 c6 24. Kf1 Rc7 25. Re1 f6 26. Rb6 Kf7 27. f3 f5 28. exf5 Nxf5 29. Rxe8 Kxe8 30. Nc4 Bf8 31. Rb3 Kd7 32. Nde5+ Ke6 33. Rd3 Bg7 34. Ng4 Re7 35. Rd1 Kd5 36. b3 h5 37. Nh2 Bf6 38. Kf2 g4 39. hxg4 Bh4+ 40. Kg1 Ng3 41. gxh5 Ne2+ 42. Kh1 Ng3+ 43. Kg1 1/2-1/2

[Event "XII Cracow ICC-A 2024"]
[Site "Krakow"]
[Date "2024.06.22"]
[Round "1.17"]
[White "Sieciechowicz, Marcin"]
[Black "Vortmeier, Jan"]
[Result "1-0"]
[ECO "E73"]
[WhiteElo "2405"]
[BlackElo "2244"]
[Annotator "ChessBase"]
[PlyCount "65"]
[EventDate "2024.06.20"]
[EventType "swiss"]
[EventCountry "POL"]
[SourceTitle "playchess.com"]
[Source "ChessBase"]
[SourceQuality "1"]
[TimeControl "40/5400+30:1800+30"]

1. d4 Nf6 2. c4 g6 3. Nc3 Bg7 4. e4 d6 5. Be2 O-O 6. Be3 e5 7. d5 Na6 8. h4 Nc5 9. Qc2 c6 10. h5 cxd5 11. cxd5 Qa5 12. h6 Bh8 13. f3 Nh5 14. Rb1 Ng3 15. b4 Qd8 16. bxc5 Nxh1 17. c6 bxc6 18. dxc6 Be6 19. Ba6 Bf6 20. Bb7 Bh4+ 21. Kd1 Bg5 22. Bxg5 Qxg5 23. Qd2 Qd8 24. Bxa8 Qxa8 25. Nd5 Bxd5 26. Qxd5 Ng3 27. c7 Qxd5+ 28. exd5 Nf5 29. Rb8 Ne7 30. Rd8 Nc8 31. f4 f6 32. fxe5 fxe5 33. Nf3 1-0

[Event "XII Cracow ICC-A 2024"]
[Site "Krakow"]
[Date "2024.06.22"]
[Round "1.18"]
[White "Gierulski, Kamil"]
[Black "Aarav Dengla"]
[Result "1/2-1/2"]
[ECO "B51"]
[WhiteElo "2242"]
[BlackElo "2395"]
[Annotator "ChessBase"]
[PlyCount "86"]
[EventDate "2024.06.20"]
[EventType "swiss"]
[EventCountry "POL"]
[SourceTitle "playchess.com"]
[Source "ChessBase"]
[SourceQuality "1"]
[TimeControl "40/5400+30:1800+30"]

1. e4 c5 2. Nf3 d6 3. Bb5+ Nc6 4. O-O Bd7 5. Re1 Nf6 6. c3 a6 7. Bf1 Bg4 8. d4 cxd4 9. cxd4 e5 10. d5 Nd4 11. Be3 Nxf3+ 12. gxf3 Bd7 13. Nd2 Be7 14. Nc4 b5 15. Nb6 Rb8 16. Nxd7 Nxd7 17. Rc1 Bg5 18. Rc6 Bxe3 19. Rxe3 Rb6 20. Bh3 Rxc6 21. dxc6 Nc5 22. Rc3 Qc7 23. Qd5 Na4 24. Rc2 Nb6 25. Qd2 O-O 26. Qa5 Ra8 27. b3 Kf8 28. Qb4 g5 29. Bf5 h6 30. Kg2 Ke7 31. a4 Rb8 32. axb5 axb5 33. Qxb5 Nc8 34. Qa6 Na7 35. Bd7 Nb5 36. Ra2 Nd4 37. Qa7 Kd8 38. b4 Nb5 39. Qa6 Rb6 40. Qa5 Rb8 41. Kg3 h5 42. Ra4 Rb6 43. Qa8+ Rb8 1/2-1/2

[Event "XII Cracow ICC-A 2024"]
[Site "Krakow"]
[Date "2024.06.22"]
[Round "1.19"]
[White "Alexiadis, Hristos"]
[Black "Klepek, Witold"]
[Result "1/2-1/2"]
[ECO "E62"]
[WhiteElo "2378"]
[BlackElo "2236"]
[Annotator "ChessBase"]
[PlyCount "64"]
[EventDate "2024.06.20"]
[EventType "swiss"]
[EventCountry "POL"]
[SourceTitle "playchess.com"]
[Source "ChessBase"]
[SourceQuality "1"]
[TimeControl "40/5400+30:1800+30"]

1. Nf3 Nf6 2. c4 g6 3. d4 Bg7 4. g3 O-O 5. Bg2 d6 6. O-O Nc6 7. Nc3 e5 8. dxe5 dxe5 9. Bg5 h6 10. Qxd8 Rxd8 11. Bxf6 Bxf6 12. Nd5 Kg7 13. Nxc7 Rb8 14. e4 Be7 15. Nd5 Bc5 16. Rab1 a5 17. h3 Be6 18. Rfe1 f6 19. Bf1 Rd7 20. Kg2 Rf8 21. a3 a4 22. Bd3 Nd4 23. Nxd4 Bxd4 24. b4 f5 25. exf5 gxf5 26. b5 Bxd5+ 27. cxd5 Rxd5 28. Red1 Bc5 29. Bc2 Rfd8 30. Rxd5 Rxd5 31. Rd1 Rxd1 32. Bxd1 Bxa3 1/2-1/2

[Event "XII Cracow ICC-A 2024"]
[Site "Krakow"]
[Date "2024.06.22"]
[Round "1.20"]
[White "Berin, Artem"]
[Black "Hollan, Martin"]
[Result "1/2-1/2"]
[ECO "E12"]
[WhiteElo "2234"]
[BlackElo "2373"]
[Annotator "ChessBase"]
[PlyCount "117"]
[EventDate "2024.06.20"]
[EventType "swiss"]
[EventCountry "POL"]
[SourceTitle "playchess.com"]
[Source "ChessBase"]
[SourceQuality "1"]
[TimeControl "40/5400+30:1800+30"]

1. d4 Nf6 2. c4 e6 3. Nf3 b6 4. Nc3 Bb7 5. Qc2 Bb4 6. a3 Bxc3+ 7. Qxc3 d6 8. e3 Nbd7 9. Bd3 O-O 10. O-O e5 11. Nd2 Re8 12. b4 exd4 13. Qxd4 Ne5 14. Be2 c5 15. Qc3 Rc8 16. Bb2 Qc7 17. b5 Qb8 18. Rfd1 Qa8 19. f3 d5 20. Qb3 Rcd8 21. cxd5 Bxd5 22. Qc2 Qb8 23. e4 Be6 24. Nf1 Ned7 25. Ne3 Nf8 26. g3 Rxd1+ 27. Rxd1 Rd8 28. f4 Rxd1+ 29. Bxd1 Qd8 30. Bf3 Ne8 31. f5 Bc8 32. e5 Nc7 33. a4 a6 34. Qc3 Qe7 35. bxa6 Bxa6 36. f6 Qd7 37. fxg7 Nfe6 38. Ng4 Qd3 39. Qxd3 Bxd3 40. Kf2 Kxg7 41. Ke3 Ba6 42. h4 b5 43. axb5 Nxb5 44. Be4 Nbd4 45. Nf6 h6 46. Kf2 Ne2 47. Ne8+ Kf8 48. Nd6 N2d4 49. Bc1 h5 50. Ba3 Ke7 51. Nf5+ Nxf5 52. Bxf5 Kf8 53. g4 hxg4 54. h5 Kg7 55. Bc1 g3+ 56. Kg2 Be2 57. h6+ Kh8 58. Kxg3 Bh5 59. Kf2 1/2-1/2

[Event "XII Cracow ICC-A 2024"]
[Site "Krakow"]
[Date "2024.06.22"]
[Round "1.21"]
[White "Lewtak, Damian"]
[Black "Mahitosh Dey"]
[Result "1/2-1/2"]
[ECO "C66"]
[WhiteElo "2370"]
[BlackElo "2232"]
[Annotator "ChessBase"]
[PlyCount "62"]
[EventDate "2024.06.20"]
[EventType "swiss"]
[EventCountry "POL"]
[SourceTitle "playchess.com"]
[Source "ChessBase"]
[SourceQuality "1"]
[TimeControl "40/5400+30:1800+30"]

1. e4 e5 2. Nf3 Nc6 3. Bb5 Nf6 4. O-O d6 5. d4 Bd7 6. Re1 Nxd4 7. Bxd7+ Qxd7 8. Nxd4 exd4 9. Qxd4 Be7 10. Nc3 O-O 11. h3 c6 12. Bg5 Nd5 13. Bxe7 Nxe7 14. Rad1 Rfd8 15. Rd3 Qe6 16. Red1 Rd7 17. f4 f5 18. Re3 fxe4 19. Rxe4 Qf7 20. Re2 Nf5 21. Qd3 d5 22. Ne4 h6 23. Nc5 Re7 24. Rde1 Rae8 25. Rxe7 Rxe7 26. Rxe7 Qxe7 27. Qxf5 Qxc5+ 28. Kh2 Qe3 29. Qc8+ Kh7 30. Qf5+ Kg8 31. Qc8+ Kf7 1/2-1/2

[Event "XII Cracow ICC-A 2024"]
[Site "Krakow"]
[Date "2024.06.22"]
[Round "1.22"]
[White "Kutowski, Marcel"]
[Black "Apoorv Kamble"]
[Result "0-1"]
[ECO "B16"]
[WhiteElo "2230"]
[BlackElo "2369"]
[Annotator "ChessBase"]
[PlyCount "99"]
[EventDate "2024.06.20"]
[EventType "swiss"]
[EventCountry "POL"]
[SourceTitle "playchess.com"]
[Source "ChessBase"]
[SourceQuality "1"]
[TimeControl "40/5400+30:1800+30"]

1. e4 c6 2. d4 d5 3. Nc3 dxe4 4. Nxe4 Nf6 5. Nxf6+ gxf6 6. Ne2 Bg4 7. c3 Nd7 8. Qc2 Bh5 9. Nf4 Bg6 10. Nxg6 hxg6 11. Be2 Qc7 12. h4 O-O-O 13. Be3 Bh6 14. Qd2 Bxe3 15. Qxe3 Qa5 16. Bc4 e6 17. O-O-O f5 18. Kb1 Nf6 19. Be2 Nd5 20. Qe5 Qc7 21. Qxc7+ Kxc7 22. Bf3 Nf6 23. g3 b6 24. Kc2 Ne8 25. Rde1 Nd6 26. b3 Rde8 27. Re2 f6 28. Rhe1 Kd7 29. c4 Nf7 30. b4 e5 31. dxe5 fxe5 32. Rd2+ Kc7 33. Red1 Re7 34. Be2 Rd8 35. c5 bxc5 36. bxc5 Rxd2+ 37. Rxd2 e4 38. Bc4 Ne5 39. Kc3 Nd7 40. Kb4 Re5 41. Rd6 a5+ 42. Kc3 Rxc5 43. Rxg6 Nb6 44. h5 Rxc4+ 45. Kb3 a4+ 46. Kb2 Rb4+ 47. Kc2 a3 48. h6 Rb2+ 49. Kc3 Rxf2 50. Kd4 0-1

[Event "XII Cracow ICC-A 2024"]
[Site "Krakow"]
[Date "2024.06.22"]
[Round "1.24"]
[White "Gorkiewicz, Mateusz"]
[Black "Citak, Selim"]
[Result "1/2-1/2"]
[ECO "B54"]
[WhiteElo "2223"]
[BlackElo "2345"]
[Annotator "ChessBase"]
[PlyCount "48"]
[EventDate "2024.06.20"]
[EventType "swiss"]
[EventCountry "POL"]
[SourceTitle "playchess.com"]
[Source "ChessBase"]
[SourceQuality "1"]
[TimeControl "40/5400+30:1800+30"]

1. e4 c5 2. Nf3 d6 3. d4 cxd4 4. Nxd4 Nf6 5. f3 Nc6 6. c4 Nxd4 7. Qxd4 g6 8. Be3 Bg7 9. Be2 O-O 10. Qd2 Be6 11. Nc3 Qa5 12. O-O Rfc8 13. b3 a6 14. Rac1 b5 15. Nd5 Qxd2 16. Bxd2 Nxd5 17. cxd5 Bd4+ 18. Kh1 Bd7 19. Rxc8+ Rxc8 20. Rc1 Rxc1+ 21. Bxc1 f5 22. Bd2 fxe4 23. fxe4 Kf7 24. g4 e6 1/2-1/2